 Dungeon Crawl Stone Soup version 0.19.0-20-gbc5f0c6 (webtiles) character file.

2744 Jannitor the Covert (level 10, -4/78 (79) HPs)
             Began as a Kobold Assassin on Nov 17, 2016.
             Was a Believer of Trog.
             Slain by a hell hound (6 damage)
             ... on level 8 of the Dungeon.
             The game lasted 00:25:02 (10148 turns).

Jannitor the Covert (Kobold Assassin)              Turns: 10148, Time: 00:25:02

HP:   -4/78 (79)    AC:  4    Str: 18    XL:     10   Next: 0%
MP:   13/13         EV: 14    Int: 12    God:    Trog [**....]
Gold: 119           SH:  0    Dex: 19    Spells: 0 memorised, 9 levels left

rFire  . . .     SeeInvis .     a - +2 dagger
rCold  . . .     Gourm    .     c - +0 robe
rNeg   . . .     Faith    .     (shield restricted)
rPois  .         Spirit   .     m - +0 helmet
rElec  .         Reflect  .     d - +0 cloak
rCorr  .         Harm     .     (no gloves)
MR     ++...                    (no boots)
Stlth  ..........               (no amulet)
                                (no ring)
                                l - +3 ring of strength

@: berserking (expiring), regenerating, very quick
A: carnivore 3, mutation resistance 1
a: Berserk, Trog's Hand, Burn Spellbooks, Renounce Religion


You were on level 8 of the Dungeon.
You worshipped Trog.
Trog was pleased with you.
You were very full.

You visited 2 branches of the dungeon, and saw 9 of its levels.
You also visited: Sewer and Ossuary.

You collected 327 gold pieces.
You spent 208 gold pieces at shops.

Inventory:

Hand Weapons
 a - a +2 dagger (weapon)
 b - a +0 blowgun
 t - a +1 short sword
Missiles
 e - 13 poisoned needles
 h - a throwing net (quivered)
Armour
 c - a +0 robe (worn)
 d - a +0 cloak (worn)
 m - a +0 helmet (worn)
Jewellery
 j - an uncursed ring of fire
 l - a +3 ring of strength (left hand)
 n - a +4 ring of evasion {unknown}
 x - a cursed ring of teleportation
 F - an uncursed amulet of harm {unknown}
Wands
 G - a wand of iceblast (3/15)
 L - a wand of paralysis (24/24)
 M - a wand of random effects (37/48)
Scrolls
 i - 2 scrolls of immolation
 p - a scroll of blinking
 r - a scroll of noise
 u - 2 scrolls of enchant armour
 w - 3 scrolls of enchant weapon
 y - 11 scrolls of identify
 z - a scroll of fear {unknown}
 A - 5 scrolls of remove curse
 E - 2 scrolls of amnesia {unknown}
 N - 3 scrolls of fog {unknown}
 R - 2 scrolls of teleportation
 T - a scroll of magic mapping
Potions
 k - 2 potions of heal wounds
 o - 2 potions of curing
 q - a potion of degeneration {unknown}
 s - a potion of lignification {unknown}
 v - a potion of ambrosia
 C - a potion of agility
 D - a potion of resistance {unknown}
 H - a potion of brilliance {unknown}
 I - a potion of cure mutation {unknown}
 J - a potion of beneficial mutation {unknown}
 O - a potion of invisibility
 P - a potion of flight {unknown}
 Q - a potion of haste
Books
 K - a book of Maledictions

   Spells                             Type                      Level
   a - Corona                         Hexes                        1
   b - Ensorcelled Hibernation        Hexes/Ice                    2
   c - Confuse                        Hexes                        3
   d - Tukima's Dance                 Hexes                        3
   e - Dazzling Spray                 Conjuration/Hexes            3
   Trog disapproves of the use of such an item.
Comestibles
 g - 2 meat rations
 B - 3 beef jerkies
 S - a chunk of flesh


   Skills:
 - Level 2.1 Fighting
 + Level 9.7 Short Blades
 + Level 8.1 Throwing
 - Level 1.2 Dodging
 + Level 11.1 Stealth
 + Level 4.7 Evocations


You had 9 spell levels left.
You didn't know any spells.

Dungeon Overview and Level Annotations

Branches:
Dungeon (8/15)             Temple (1/1) D:5            Lair (0/6) D:8

Altars:
Ashenzari
Cheibriados
Fedhas
Hepliaklqana
Kikubaaqudgha
Makhleb
Nemelex Xobeh
Okawaru
Qazlal
Ru
Trog
Uskayaw
Yredelemnul

Shops:
D:4 [   D:5 *:

Annotations:
D:4 Millan's ghost, amateur MiFi
D:7 Bekkur's ghost, novice DsFi


Innate Abilities, Weirdness & Mutations

You are small and have problems with some larger weapons.
You are carnivorous and can eat meat at any time.
You are somewhat resistant to further mutation.


Message History

The hell hound is lightly wounded.
You miss the hell hound.
The hell hound is lightly wounded.
The hell hound bites you!
* * * LOW HITPOINT WARNING * * *
You puncture the hell hound!
The hell hound is heavily wounded.
You closely miss the hell hound.
The hell hound is heavily wounded.
The hell hound closely misses you.
You completely miss the hell hound.
The hell hound is heavily wounded.
The hell hound breathes flames at you.
The blast of flame hits the hell hound.
The hell hound completely resists.
The blast of flame hits you!
* * * LOW HITPOINT WARNING * * *
You barely miss the hell hound.
The hell hound is heavily wounded.
The hell hound bites you.
You die...

.?..#.########## ...
...........# . #..
............ §§ #.#
#.##.#...... ≈h§ #.#
#.##...###.# ≈≈§h #.#
#.###.## #.# §≈≈§.
#.###.###.####.#
§.....#####...........##.#
#(...ahh@......###.#.##.#
################ #.#.##.#
#.#.##.# #.#.# # #.#<. .
#.### #.#


You could see 2 hell hounds and a worker ant.

Vanquished Creatures
  Sigmund (D:4)
  2 steam dragons (D:5)
  2 sky beasts (D:5)
  A hornet zombie (D:5)
  2 ice beasts
  A necrophage (D:6)
  An ogre (D:5)
  2 big kobolds (Sewer)
  13 scorpions
  A howler monkey (D:4)
  2 crimson imps
  A hound (D:7)
  A human zombie (Ossuary)
  5 orc priests
  Ijyb (D:3)
  An iguana (D:6)
  5 orc wizards
  A worker ant (D:5)
  A big kobold zombie (Ossuary)
  A hound skeleton (D:6)
  2 mummies (Ossuary)
  6 gnolls
  12 adders
  A river rat (Sewer)
  5 scorpion zombies (Ossuary)
  4 oozes
  An adder zombie (D:5)
  A worm (D:3)
  A dart slug (D:3)
  2 leopard geckos
  11 orcs
  7 giant cockroaches
  3 gnoll zombies (Ossuary)
  19 goblins
  8 hobgoblins
  3 jackals (D:2)
  13 kobolds
  3 quokkas
  5 ball pythons
  7 bats
  3 frilled lizards
  2 goblin zombies (Ossuary)
  A hobgoblin zombie (Ossuary)
  4 orc zombies (Ossuary)
  10 rats
179 creatures vanquished.

Vanquished Creatures (others)
  A centaur zombie (Ossuary)
  A mummy (Ossuary)
  A kobold zombie (Ossuary)
3 creatures vanquished.

Grand Total: 182 creatures vanquished

Notes
Turn   | Place    | Note
-------+----------+-------------------------------------------
     0 | D:1      | Jannitor the Kobold Assassin began the quest for the Orb.
     0 | D:1      | Reached XP level 1. HP: 12/12 MP: 1/1
   107 | D:1      | Reached XP level 2. HP: 17/17 MP: 2/2
   418 | D:1      | Reached XP level 3. HP: 12/21 MP: 3/3
  1234 | D:2      | Reached XP level 4. HP: 26/26 MP: 4/4
  1395 | D:2      | Reached skill level 6 in Stealth
  2219 | D:3      | Found a glowing drain.
  2244 | D:3      | Reached XP level 5. HP: 15/30 MP: 5/5
  2519 | Sewer    | Entered a sewer
  2591 | Sewer    | Noticed a big kobold
  2635 | Sewer    | Killed a big kobold
  2635 | Sewer    | Reached XP level 6. HP: 11/35 MP: 6/6
  2881 | Sewer    | Reached skill level 5 in Short Blades
  2881 | Sewer    | Reached skill level 7 in Stealth
  3689 | D:3      | Reached XP level 7. HP: 39/40 MP: 7/7
  3854 | D:3      | Noticed Ijyb
  3933 | D:3      | Killed Ijyb
  4559 | D:4      | Noticed Millan's ghost (amateur MiFi)
  4573 | D:4      | Found Feajaam's Antique Armour Boutique.
  4849 | D:4      | Reached skill level 5 in Throwing
  4849 | D:4      | Reached skill level 8 in Stealth
  4932 | D:4      | Noticed Sigmund
  4939 | D:4      | Killed Sigmund
  5432 | D:4      | Reached XP level 8. HP: 44/44 MP: 8/8
  5555 | D:5      | Entered Level 5 of the Dungeon
  5585 | D:5      | Reached skill level 9 in Stealth
  5724 | D:5      | Found Cokoc's Book Shoppe.
  6511 | D:5      | Found a staircase to the Ecumenical Temple.
  6524 | Temple   | Entered the Ecumenical Temple
  6563 | Temple   | Became a worshipper of Trog the Wrathful
  6583 | D:5      | Found Mivaaz's General Store.
  6591 | D:5      | Bought a wand of paralysis (14/24) for 208 gold pieces
  6793 | D:5      | Reached skill level 10 in Stealth
  6793 | D:5      | Reached skill level 1 in Evocations
  6793 | D:5      | Reached XP level 9. HP: 26/48 MP: 9/9
  7077 | D:6      | Found a faded altar of an unknown god.
  7077 | D:6      | Found a faded altar of an unknown god.
  7099 | D:6      | Found a faded altar of an unknown god.
  7131 | D:6      | Found a snail-covered altar of Cheibriados.
  7132 | D:6      | Found a faded altar of an unknown god.
  7170 | D:6      | Found a sand-covered staircase.
  7195 | Ossuary  | Entered an ossuary
  7753 | Ossuary  | Reached * piety under Trog
  7988 | Ossuary  | Gained mutation: You are somewhat resistant to further mutation. [potion of mutation]
  9330 | D:6      | Found an iron altar of Okawaru.
  9356 | D:6      | Reached ** piety under Trog
  9446 | D:7      | Reached skill level 11 in Stealth
  9487 | D:7      | Noticed Bekkur's ghost (novice DsFi)
 10105 | D:8      | Reached XP level 10. HP: 48/52 MP: 13/13
 10128 | D:8      | Found a staircase to the Lair.
 10147 | D:8      | HP: 2/78 [hell hound/blast of flame (22)]
 10148 | D:8      | Slain by a hell hound

Skill      XL: |  1  2  3  4  5  6  7  8  9 |
---------------+----------------------------+-----
Short Blades   | 3 4 5 6 8 9 |  9.7
Throwing       | 3 4 5 6 8 |  8.1
Stealth        | 6 7 8 10 11 | 11.1
Evocations     | 1 4 |  4.7
Fighting       | |  2.1
Dodging        | |  1.2

Action                   |  1- 3 |  4- 6 |  7- 9 | 10-12 || total
-------------------------+-------+-------+-------+-------++-------
Melee: Dagger            |    97 |    10 |   499 |     6 ||   612
       Short sword       |       |   257 |   112 |       ||   369
 Fire: Blowgun           |       |       |    34 |     7 ||    41
Invok: Berserk           |       |       |     1 |     1 ||     2
       Trog's Hand       |       |       |       |     1 ||     1
Evoke: Wand              |       |       |     3 |       ||     3
  Use: Scroll            |       |     8 |     5 |       ||    13
       Potion            |       |     5 |    11 |       ||    16
 Stab: Sleeping          |     7 |    10 |    24 |       ||    41
       Invisible         |       |     2 |       |       ||     2
       Distracted        |       |       |     1 |       ||     1
  Eat: Chunk             |     1 |    10 |    26 |     1 ||    38
       Beef jerky        |       |       |     1 |       ||     1
Armor: Robe              |    20 |    49 |    61 |     1 ||   131
Dodge: Dodged            |    61 |   174 |   226 |     5 ||   466
